 Dungeon Crawl Stone Soup version 0.31-a0-152-g6aa68a64a1 (webtiles) character file.

Game seed: 15856315538789521365

571 qw the Skirmisher (level 7, 0/61 HPs)
             Began as a Minotaur Hunter on June 9, 2023.
             Was an Initiate of Okawaru.
             Slain by a gnoll
             ... wielding a +0 spear
              (6 damage)
             ... on level 4 of the Dungeon.
             The game lasted 00:01:54 (4601 turns).

qw the Skirmisher (Minotaur Hunter)                 Turns: 4601, Time: 00:01:54

Health: 0/61       AC:  5    Str: 15    XL:     7   Next: 12%
Magic:  6/6        EV: 12    Int:  6    God:    Okawaru [......]
Gold:   125        SH:  0    Dex: 22    Spells: 6/6 levels left

rFire   . . .        Y - +0 shortbow
rCold   . . .        (shield currently unavailable)
rNeg    . . .        h - +0 ring mail
rPois   .            (helmet restricted)
rElec   .            (no cloak)
rCorr   .            (no gloves)
SInv    .            (no boots)
Will    .....        (no amulet)
Stlth   +            d - +6 ring of dexterity
HPRegen 0.30/turn    (no ring)
MPRegen 0.10/turn

%: no passive effects
@: no status effects
A: horns 2, retaliatory headbutt
a: Renounce Religion


You were on level 4 of the Dungeon.
You worshipped Okawaru.
Okawaru was noncommittal.
You visited 2 branches of the dungeon, and saw 5 of its levels.

You collected 149 gold pieces.
You spent 24 gold pieces at shops.


Innate Abilities, Weirdness & Mutations

You have a pair of horns on your head.
You reflexively headbutt those who attack you in melee.


   Skills:
 - Level 5.0 Fighting
 + Level 8.0 Ranged Weapons
 - Level 1.5 Armour
 - Level 3.1 Dodging
 - Level 0.7 Stealth


You had 6 spell levels left.
You didn't know any spells.
Your spell library was empty.

Inventory:

Hand Weapons
 Y - a +0 shortbow (weapon)
Armour
 h - a +0 ring mail (worn)
Jewellery
 d - a +6 ring of dexterity (left hand)
 f - a ring of ice
Scrolls
 b - a scroll of vulnerability {unknown}
 c - a scroll of identify
Potions
 a - a potion of might
 e - a potion of curing {unknown}
 g - a potion of magic {unknown}
 i - a potion of haste

Dungeon Overview and Level Annotations

Branches:
Dungeon (4/15)             Temple (1/1) D:4

Altars:
Ashenzari
Cheibriados
Dithmenos
Elyvilon
Gozag
Hepliaklqana
Kikubaaqudgha
Makhleb
Nemelex Xobeh
Okawaru
Qazlal
Ru
Sif Muna
Trog
Wu Jian
Xom
Yredelemnul
Zin
The Shining One

Shops:
D:2 *   D:3 [

Annotations:
D:3 4 runed translucent doors, Crazy Yiuf; qw's ghost, amateur MiHu
D:4 2 transporters


Message History

The adder misses you.
You shoot an arrow. The arrow barely misses the adder.
The gnoll shouts!
The adder completely misses you. The gnoll hits you with a +0 club.
The adder bites you but does no damage. The gnoll hits you with a +0 club.
The gnoll misses you.
You shoot an arrow. The arrow closely misses the adder.
The adder barely misses you. The gnoll hits you with a +0 club!
The gnoll barely misses you.
You shoot an arrow. The arrow hits the adder!
You kill the adder!
Okawaru accepts your kill.
The gnoll hits you from afar with a +0 spear.
The gnoll hits you but does no damage.
Your Fighting skill increases to level 5!
You shoot an arrow. The arrow hits the gnoll.
The gnoll is heavily wounded.
The gnoll hits you from afar with a +0 spear.
The gnoll hits you with a +0 club.
You shoot an arrow. The arrow hits the gnoll.
The gnoll is severely wounded.
The gnoll barely misses you.
The gnoll hits you from afar with a +0 spear.
You shoot an arrow.
The arrow hits the gnoll but does no damage.
The gnoll is severely wounded.
The gnoll hits you from afar with a +0 spear.
The gnoll misses you. The gnoll hits you with a +0 flail.
You shoot an arrow. The arrow hits the gnoll!
You kill the gnoll!
Okawaru accepts your kill. The gnoll barely misses you.
The gnoll hits you with a +0 flail!
You shoot an arrow.
The arrow hits the gnoll but does no damage.
The gnoll hits you from afar with a +0 spear!
The gnoll hits you with a +0 flail!
You shoot an arrow. The arrow hits the gnoll.
The gnoll is moderately wounded.
The gnoll hits you from afar with a +0 spear.
You die...

.!^.0#^...............
#.#..#..................
.....#...........!......
0..0.#..................
######..................
#.................#
#####.................#
......................#
................@g....#
.................)g...#
.....................)..
........................
)............#########..
.............# .
.............#
.............#
.............#


You could see 2 gnolls.

Vanquished Creatures
  A phantom (D:3)
  A scorpion (D:4)
  Jessica (D:2)
  2 orc wizards
  3 iguanas
  Terence (D:3)
  Robin (D:3)
  9 gnolls (D:4)
  5 adders
  2 worms (D:2)
  3 dart slugs
  11 orcs
  4 bats
  8 endoplasms
  2 giant cockroaches (D:2)
  16 goblins
  12 hobgoblins
  4 quokkas
  6 ball pythons
  2 frilled lizards
  11 kobolds
  3 rats (D:2)
108 creatures vanquished.

Notes
Turn   | Place    | Note
-------+----------+-------------------------------------------
     0 | D:1      | qw the Minotaur Hunter began the quest for the Orb.
     0 | D:1      | Reached XP level 1. HP: 18/18 MP: 0/0
     0 | D:1      | 0 ||| qw: Version: 0.2-a-120-g592f744
     0 | D:1      | 0 ||| qw: Game counter: 3165
     0 | D:1      | 0 ||| qw: Always use a shield: true
     0 | D:1      | 0 ||| qw: God list: Okawaru
     0 | D:1      | 0 ||| qw: Allow faded altars: false
     0 | D:1      | 0 ||| qw: Do Orc after D:15 true
     0 | D:1      | 0 ||| qw: Do second Lair branch before Depths: true
     0 | D:1      | 0 ||| qw: Lair rune preference: random
     0 | D:1      | 0 ||| qw: Plans: Normal
     0 | D:1      | 0 ||| PLANNING D:1-11
   136 | D:1      | Reached XP level 2. HP: 25/25 MP: 1/1
   188 | D:1      | Reached skill level 5 in Ranged Weapons
   340 | D:1      | Reached skill level 3 in Fighting
   741 | D:1      | 741 ||| FLEEEEING.
   742 | D:1      | 742 ||| FLEEEEING.
   755 | D:1      | Reached XP level 3. HP: 31/31 MP: 2/2
   918 | D:1      | 918 ||| UPGRADING to +0 ring mail.
   928 | D:1      | 928 ||| DROPPING +0 leather armour.
   929 | D:1      | 929 ||| READING scroll labelled UCKUAG LAANT.
   930 | D:1      | 930 ||| READING scroll labelled ZAOK AT GINOAJ.
   931 | D:1      | 931 ||| DROPPING scroll of butterflies.
   933 | D:1      | 933 ||| Stepping ~*~*~tactically~*~*~ (cloud).
   936 | D:1      | HP: 6/31 [poisoned by you (poison gas)]
   941 | D:1      | HP: 2/31 [poisoned by you (poison gas)]
  1218 | D:2      | Reached skill level 1 in Armour
  1228 | D:2      | Noticed Jessica
  1237 | D:2      | Killed Jessica
  1238 | D:2      | Reached XP level 4. HP: 26/38 MP: 3/3
  1477 | D:2      | Reached skill level 6 in Ranged Weapons
  1784 | D:2      | Found Giehu's General Store.
  1797 | D:2      | 1797 ||| SHOPLISTING +2 robe of cold resistance (212 gold,
                  | have 52).
  1797 | D:2      | 1797 ||| SHOPLISTING +3 leather armour of fire resistance
                  | (288 gold, have 52).
  1797 | D:2      | 1797 ||| SHOPLISTING amulet of reflection (360 gold, have
                  | 52).
  1797 | D:2      | 1797 ||| SHOPLISTING potion of cancellation (96 gold, have
                  | 52).
  1797 | D:2      | 1797 ||| BUYING scroll of identify (24 gold).
  1797 | D:2      | Bought a scroll of identify for 24 gold pieces
  2026 | D:2      | 2026 ||| READING 3 scrolls of identify.
  2026 | D:2      | 2026 ||| IDENTIFYING murky inky potion
  2027 | D:2      | 2027 ||| READING 2 scrolls of identify.
  2027 | D:2      | 2027 ||| IDENTIFYING grey potion
  2028 | D:2      | 2028 ||| DROPPING potion of attraction.
  2083 | D:3      | Found a runed translucent gate.
  2083 | D:3      | Found a runed translucent gate.
  2083 | D:3      | Found a runed translucent gate.
  2083 | D:3      | Found an opulent altar of Gozag.
  2089 | D:3      | 2089 ||| STAIRDANCE
  2178 | D:3      | 2178 ||| STAIRDANCE
  2178 | D:3      | Noticed Robin
  2182 | D:2      | Reached XP level 5. HP: 36/46 MP: 4/4
  2219 | D:3      | 2219 ||| STAIRDANCE
  2344 | D:3      | 2344 ||| STAIRDANCE
  2377 | D:3      | 2377 ||| STAIRDANCE
  2409 | D:3      | Found Wisto's Antique Armour Shop.
  2419 | D:3      | Killed Robin
  2466 | D:3      | 2466 ||| SHOPLISTING polished leather armour (189 gold,
                  | have 44).
  2466 | D:3      | 2466 ||| SHOPLISTING runed leather armour (135 gold, have
                  | 44).
  2667 | D:3      | Noticed qw's ghost (amateur MiHu)
  2709 | D:3      | Noticed Terence
  2717 | D:3      | Killed Terence
  3044 | D:3      | Noticed a phantom
  3052 | D:3      | Found a faded altar of an unknown god.
  3062 | D:3      | HP: 10/46 [hobgoblin (4)]
  3063 | D:3      | 3063 ||| DRINKING potion of heal wounds.
  3070 | D:3      | Killed a phantom
  3070 | D:3      | HP: 10/46 [hobgoblin (3)]
  3071 | D:3      | Reached skill level 7 in Ranged Weapons
  3071 | D:3      | Reached XP level 6. HP: 11/52 MP: 5/5
  3217 | D:3      | Identified the +7 rapier of Karma {pain, rF- Int+5}
  3299 | D:3      | Found a runed translucent door.
  3300 | D:3      | Noticed Crazy Yiuf
  3396 | D:3      | 3396 ||| READING scroll labelled YNKOIM DIRGHI.
  3397 | D:3      | 3397 ||| DRINKING 2 coppery potions.
  3429 | D:3      | 3429 ||| READING 2 scrolls of identify.
  3429 | D:3      | 3429 ||| IDENTIFYING fizzy brown potion
  3430 | D:3      | 3430 ||| DROPPING potion of ambrosia.
  3431 | D:3      | 3431 ||| DROPPING potion of lignification.
  3465 | D:4      | 3465 ||| STAIRDANCE
  3562 | D:4      | 3562 ||| FLEEEEING.
  3598 | D:4      | Found a staircase to the Ecumenical Temple.
  3599 | D:4      | 3599 ||| PLANNING TEMPLE
  3599 | D:4      | 3599 ||| READING 2 scrolls of identify.
  3599 | D:4      | 3599 ||| IDENTIFYING viscous yellow potion
  3600 | D:4      | 3600 ||| DROPPING potion of enlightenment.
  3609 | Temple   | Entered the Ecumenical Temple
  3679 | Temple   | 3679 ||| PLANNING OKAWARU WORSHIP
  3916 | Temple   | Became a worshipper of Warmaster Okawaru
  3916 | Temple   | 3916 ||| PLANNING D:1-11
  4126 | D:4      | Found a transporter.
  4161 | D:4      | Reached skill level 8 in Ranged Weapons
  4170 | D:4      | 4170 ||| FLEEEEING.
  4171 | D:4      | 4171 ||| FLEEEEING.
  4172 | D:4      | 4172 ||| FLEEEEING.
  4173 | D:4      | 4173 ||| FLEEEEING.
  4174 | D:4      | 4174 ||| FLEEEEING.
  4175 | D:4      | 4175 ||| FLEEEEING.
  4176 | D:4      | 4176 ||| FLEEEEING.
  4177 | D:4      | 4177 ||| FLEEEEING.
  4178 | D:4      | 4178 ||| FLEEEEING.
  4179 | D:4      | 4179 ||| FLEEEEING.
  4180 | D:4      | 4180 ||| FLEEEEING.
  4181 | D:4      | 4181 ||| FLEEEEING.
  4182 | D:4      | 4182 ||| FLEEEEING.
  4183 | D:4      | 4183 ||| FLEEEEING.
  4184 | D:4      | 4184 ||| FLEEEEING.
  4185 | D:4      | 4185 ||| FLEEEEING.
  4187 | D:4      | 4187 ||| FLEEEEING.
  4188 | D:4      | 4188 ||| FLEEEEING.
  4189 | D:4      | 4189 ||| FLEEEEING.
  4190 | D:4      | 4190 ||| FLEEEEING.
  4191 | D:4      | 4191 ||| FLEEEEING.
  4192 | D:4      | 4192 ||| FLEEEEING.
  4193 | D:4      | 4193 ||| FLEEEEING.
  4194 | D:4      | 4194 ||| FLEEEEING.
  4195 | D:4      | 4195 ||| FLEEEEING.
  4196 | D:4      | 4196 ||| FLEEEEING.
  4197 | D:4      | 4197 ||| FLEEEEING.
  4198 | D:4      | 4198 ||| STAIRDANCE
  4275 | D:3      | 4275 ||| UPGRADING to +6 ring of dexterity.
  4276 | D:3      | 4276 ||| READING scroll labelled NOVUXAT BEODYO.
  4312 | D:4      | Found a transporter.
  4390 | D:4      | Noticed a fire bat
  4391 | D:4      | Noticed a fire bat
  4429 | D:4      | Reached skill level 3 in Dodging
  4429 | D:4      | Reached XP level 7. HP: 60/60 MP: 6/6
  4524 | D:4      | Found a stormy altar of Qazlal.
  4525 | D:4      | Noticed a water elemental
  4529 | D:4      | Noticed an air elemental
  4533 | D:4      | Noticed a fire elemental
  4600 | D:4      | HP: 12/61 [gnoll/+0 spear (7)]
  4600 | D:4      | HP: 5/61 [gnoll/+0 flail (7)]
  4601 | D:4      | Slain by a gnoll

Levels and vault maps discovered:
D:1:      dpeg_arrival_morbid_curiosity, layout_loops_ring,
          serial_bayou_crossing
D:2:      wander_river, layout_loops_ring, serial_shops, nicolae_diamond_shop,
          uniq_jessica
D:3:      layout_loops_ring, serial_shops, nicolae_shop_getting_attention,
          hellmonk_ecumenical_altar_prayer_group, ebering_ghost_gozag,
          uniq_terence, uniq_crazy_yiuf_cottage, uniq_robin
D:4:      gammafunk_cloud_chamber, layout_gridville,
          nicolae_qazlal_style_of_elements, minmay_temple_entry_waves
Temple:   hc_temple_tempest_star

Skill      XL: |  1  2  3  4  5  6  7 |
---------------+----------------------+-----
Ranged Weapons | 5 6 7 8 |  8.0
Fighting       | 3 4 5 |  5.0
Armour         | 1 |  1.5
Dodging        | 3 |  3.1
Stealth        | |  0.7

Action                     |  1- 3 |  4- 6 |  7- 9 || total
---------------------------+-------+-------+-------++-------
   Fire: Shortbow          |    92 |   231 |    46 ||   369
    Use: Scroll            |     2 |     6 |       ||     8
         Potion            |       |     2 |       ||     2
 Armour: Leather armour    |     2 |       |       ||     2
         Ring mail         |     4 |    78 |    15 ||    97
  Dodge: Dodged            |    16 |   109 |    14 ||   139

Table legend:
 A = Non-vault XP
 B = Vault XP
 C = Vault XP percentage of total XP
 D = Non-vault monster count
 E = Vault monster count
 F = Vault count percentage of total count
                 A         B        C        D         E       F
            +---------+---------+-------+---------+---------+-------
      Total |     701 |     116 |  14.2 |      87 |      21 |  19.4
            +---------+---------+-------+---------+---------+-------
        D:1 |      37 |       7 |  15.9 |      21 |       4 |  16.0
        D:2 |     133 |      49 |  26.9 |      28 |       8 |  22.2
        D:3 |     163 |      60 |  26.9 |      12 |       9 |  42.9
        D:4 |     368 |       0 |   0.0 |      26 |       0 |   0.0
            +---------+---------+-------+---------+---------+-------
